 Dungeon Crawl Stone Soup version 0.30-a0-313-gae38170b09 (webtiles) character file.

Game seed: 15127019167358058004

1603 freelancePsychic the Ruffian (level 8, -1/74 (80) HPs)
             Began as a Troll Wanderer on Oct 27, 2022.
             Slain by a wight
             ... wielding a +0 great sword
              (5 damage)
             ... on level 6 of the Dungeon.
             The game lasted 00:07:53 (4013 turns).

freelancePsychic the Ruffian (Troll Wanderer)       Turns: 4013, Time: 00:07:54

HP:   -1/74 (80)    AC:  4    Str: 22    XL:     8   Next: 63%
MP:   8/8           EV: 12    Int: 10    God:
Gold: 80            SH: 10    Dex: 11    Spells: 8/9 levels left

rFire   + . .      SeeInvis +      - Unarmed
rCold   . . .      Faith    .    u - +2 kite shield of the Beekeeper {rF+ Dex+3}
rNeg    . . .      Spirit   .    c - +0 robe
rPois   .          Reflect  .    (helmet restricted)
rElec   .          Harm     .    (no cloak)
rCorr   .          Rampage  .    (gloves unavailable)
Will    .....                    (boots unavailable)
Stlth   +.........               p - amulet of the acrobat
HPRegen 1.12/turn                s - +4 ring of evasion
MPRegen 0.11/turn                k - ring of see invisible

@: drained
A: large, unfitting armour, claws 3, regeneration 1, shaggy fur 1, tough skin 1
a: no special abilities


You were on level 6 of the Dungeon.
You visited 1 branch of the dungeon, and saw 6 of its levels.

You collected 209 gold pieces.
You spent 129 gold pieces at shops.

Inventory:

Missiles
 d - 90 stones
 j - a boomerang (quivered)
 z - 2 poisoned darts
Armour
 c - a +0 robe (worn)
 u - the +2 kite shield of the Beekeeper (worn) {rF+ Dex+3}
   (You acquired it on level 1 of the Dungeon)

   Dex:       It affects your dexterity (+3).
   rF:        It protects you from fire.
Jewellery
 a - a +4 ring of protection
 k - a ring of see invisible (right claw)
 p - an amulet of the acrobat (around neck)
 s - a +4 ring of evasion (left claw)
 w - a ring of wizardry
 A - an amulet of regeneration
 C - an amulet of guardian spirit
Scrolls
 b - 2 scrolls of silence
 m - 3 scrolls of teleportation {@r4}
 o - a scroll of torment
 q - a scroll of enchant weapon {unknown}
 r - a scroll of vulnerability
 t - 2 scrolls of magic mapping
 v - a scroll of noise
 x - a scroll of blinking {unknown}
 y - 2 scrolls of identify {@r1}
 B - a scroll of enchant armour {unknown}
Potions
 e - a potion of might {unknown}
 f - 2 potions of haste {unknown}
 g - 6 potions of heal wounds {@q2}
 h - 5 potions of curing {@q1}
 i - 2 potions of flight {unknown}
 l - 2 potions of mutation {unknown}
 n - 5 potions of lignification {unknown}


   Skills:
 + Level 5.2 Fighting
 - Level 1.5 Polearms
 + Level 2.2 Throwing
 - Level 1.2 Dodging
 - Level 4.9 Shields
 + Level 6.1 Unarmed Combat
 - Level 1.0 Spellcasting
 - Level 2.9 Translocations


You had 8 spell levels left.
You knew the following spells:

 Your Spells              Type           Power      Damage    Failure   Level
a - Apportation           Tloc           12%        N/A       22%         1

Your spell library contained the following spells:

 Spells                   Type           Power      Damage    Failure   Level
 Freeze                   Ice            0%         1d3       58%         1
 Summon Small Mammal      Summ           0%         N/A       58%         1
 Portal Projectile        Hex/Tloc       6%         N/A       77%         3
 Call Canine Familiar     Summ           0%         N/A       92%         3
 Frozen Ramparts          Ice            0%         1d1       92%         3
 Hailstorm                Conj/Ice       0%         3d3       92%         3
 Summon Guardian Golem    Hex/Summ       0%         N/A       92%         3


Dungeon Overview and Level Annotations

Branches:
Dungeon (6/15)
 Temple: D:4-7

Altars:
Wu Jian

Shops:
D:1 ((=?:   D:5 =   D:6 !


Innate Abilities, Weirdness & Mutations

You are too large for most types of armour.
You have claws for hands.
Your natural rate of healing is unusually fast.
You are covered in fur. (AC +1)
You have tough skin. (AC +1)


Message History

a +0 dagger; an orc corpse The orc attacks as you move away!
The orc completely misses you. The wight attacks as you move away!
You block the wight's attack.
You claw the orc!
You kill the orc!
You completely miss the wight. You block the wight's attack.
You scratch the wight.
The wight is lightly damaged.
You block the wight's attack.
You claw the wight!
The wight is heavily damaged.
The wight hits you with a +0 dagger.
You feel drained.
You claw the wight!
You destroy the wight!
Your life force feels restored.
You scratch the wight but do no damage.
The wight hits you with a +0 great sword!!
You barely miss the wight. You block the wight's attack.
You closely miss the wight. The wight hits you but does no damage.
You scratch the wight.
The wight is moderately damaged.
The wight barely misses you.
You closely miss the wight.
The wight is moderately damaged.
You block the wight's attack.
You barely miss the wight.
The wight is moderately damaged.
The wight closely misses you.
You barely miss the wight.
The wight is moderately damaged.
The wight hits you with a +0 great sword!!
* * * LOW HITPOINT WARNING * * *
You feel drained.
* * * LOW HITPOINT WARNING * * *
You scratch the wight.
The wight is severely damaged.
The wight hits you with a +0 great sword!
* * * LOW HITPOINT WARNING * * *
You feel drained.
You die...

#. ##.... ....
..####..... ....
.......... ..... ..##...#
z...# #.#...+ ......
##..$..###......
#.......).$....#
###o.....)...#
#@zo.$......###.
###..###........ ###
##..# ##.........
###..##..)#####....##..
.....#...#.##........#
#...........#........#
###..#.................#
###..#................##
####..##................#


You could see a wight, an orc wizard and an orc.

Vanquished Creatures
  Grinder (D:6)
  Sigmund (D:4)
  A wyvern (D:5)
  2 black bears (D:5)
  2 ogres (D:5)
  2 scorpions (D:5)
  A necrophage (D:5)
  3 wights (D:6)
  A howler monkey (D:5)
  A hound (D:5)
  A jelly (D:5)
  3 orc priests
  3 orc wizards
  2 gnolls (D:2)
  6 adders
  A white imp (D:5)
  2 worms (D:4)
  3 dart slugs
  21 orcs
  8 bats
  8 endoplasms
  4 giant cockroaches
  8 goblins
  5 hobgoblins
  2 quokkas (D:2)
  3 ball pythons
  3 frilled lizards
  10 kobolds
  A rat (D:2)
109 creatures vanquished.

Notes
Turn   | Place    | Note
-------+----------+-------------------------------------------
     0 | D:1      | freelancePsychic the Troll Wanderer began the quest for the
                  | Orb.
     0 | D:1      | freelancePsychic set off with the following items: a +3
                  | spear, a scroll of silence, a +0 robe; and the following
                  | spell memorised: Apportation; and the following spells
                  | available to memorise: Portal Projectile.
     0 | D:1      | Reached XP level 1. HP: 19/19 MP: 1/1
   122 | D:1      | Reached XP level 2. HP: 27/27 MP: 2/2
   180 | D:1      | Found Tounamea's Magic Scroll Shoppe.
   184 | D:1      | Reached skill level 1 in Unarmed Combat
   227 | D:1      | Found Hiafei's Book Boutique.
   230 | D:1      | Reached skill level 1 in Throwing
   361 | D:1      | Found Uvuapsoq's Jewellery Emporium.
   403 | D:1      | Found Wisinau's Weapon Emporium.
   422 | D:1      | Found Xecaot's Weapon Shoppe.
   763 | D:2      | Reached XP level 3. HP: 24/33 MP: 3/3
  1102 | D:2      | Identified the +5 scale mail of the Hot Ocelot {rC+ Regen+
                  | Dex+3}
  1689 | D:1      | Bought a scroll of identify for 22 gold pieces
  1689 | D:1      | Bought a scroll of noise for 11 gold pieces
  1690 | D:1      | Identified a scroll of acquirement
  1691 | D:1      | Acquired the +2 kite shield of the Beekeeper {rF+ Dex+3}
  1779 | D:3      | Reached XP level 4. HP: 41/42 MP: 4/4
  1818 | D:3      | Reached skill level 2 in Unarmed Combat
  2014 | D:3      | Reached skill level 1 in Shields
  2030 | D:3      | Reached XP level 5. HP: 40/50 MP: 5/5
  2696 | D:4      | Reached skill level 3 in Unarmed Combat
  2856 | D:4      | Noticed Sigmund
  2867 | D:4      | Killed Sigmund
  2868 | D:4      | Reached XP level 6. HP: 53/61 MP: 6/6
  3091 | D:5      | Entered Level 5 of the Dungeon
  3169 | D:5      | Found Zusia's Jewellery Shoppe.
  3183 | D:5      | Reached skill level 4 in Unarmed Combat
  3183 | D:5      | Reached XP level 7. HP: 50/67 MP: 7/7
  3257 | D:5      | Found an ornate altar of the Wu Jian Council.
  3496 | D:5      | Reached skill level 5 in Unarmed Combat
  3513 | D:5      | Noticed a wyvern
  3520 | D:5      | Killed a wyvern
  3521 | D:5      | Reached XP level 8. HP: 54/79 MP: 8/8
  3911 | D:6      | Noticed Grinder
  3911 | D:6      | Found Qoycood's Distillery.
  3924 | D:6      | Killed Grinder
  3925 | D:6      | Reached skill level 5 in Fighting
  3935 | D:6      | Bought a potion of curing for 36 gold pieces
  3935 | D:6      | Bought a potion of heal wounds for 60 gold pieces
  3984 | D:6      | Reached skill level 6 in Unarmed Combat
  4013 | D:6      | Slain by a wight

Illustrated notes

Levels and vault maps discovered:
D:1:      dpeg_arrival_prison, layout_loops_ring, serial_shops,
          nicolae_lakefront_shop, shop, nicolae_shop_stone, shop, shop
D:2:      layout_basic
D:3:      layout_rooms, minmay_misc_feat_five, due_unseen_surprise
D:4:      layout_basic, uniq_sigmund
D:5:      layout_loops_ring, nzn_wu_jian_contemplation, serial_shops, shop,
          chequers_avenue
D:6:      layout_cave_pools, kennysheep_mini_moat, makhleb_heckhound_becter,
          serial_shops, nicolae_diamond_shop, nicolae_square_shop,
          kennysheep_mini, shop, grunt_ministairs_2, kennysheep_generic_room_5,
          uniq_maggie, uniq_crazy_yiuf_cottage, uniq_grinder,
          uniq_prince_ribbit1

Skill      XL: |  1  2  3  4  5  6  7  8 |
---------------+-------------------------+-----
Unarmed Combat | 1 2 3 4 5 6 |  6.1
Throwing       | 1 2 |  2.2
Fighting       | 2 3 4 5 |  5.2
Shields        | 1 2 3 4 |  4.9
Polearms       | |  1.5
Dodging        | |  1.2
Spellcasting   | |  1.0
Translocations | |  2.9

Action                   |  1- 3 |  4- 6 |  7- 9 || total
-------------------------+-------+-------+-------++-------
Melee: Unarmed           |   113 |   145 |   125 ||   383
       Punch             |     1 |       |       ||     1
Throw: Stone             |     8 |       |       ||     8
       Boomerang         |       |     3 |     1 ||     4
  Use: Scroll            |     3 |     4 |       ||     7
 Stab: Sleeping          |     1 |       |       ||     1
Armor: Robe              |    39 |    22 |    18 ||    79
Dodge: Dodged            |    48 |    81 |    65 ||   194
Block: Kite shield       |       |    66 |    58 ||   124

Table legend: (Time is in decaauts)
 A = Elapsed time spent in this place.
 B = Non-inter-level travel time spent in this place.
 C = Inter-level travel time spent in this place.
 D = Time resting spent in this place.
 E = Time spent auto-exploring this place.
 F = Levels seen in this place.
 G = Mean time per level.
                   A        B        C        D        E       F      G
               +--------+--------+--------+--------+--------+-----+--------+
         Total |   4030 |   3720 |    310 |     10 |   2932 |   6 |  671.7 |
       Dungeon |   4030 |   3720 |    310 |     10 |   2932 |   6 |  671.7 |
               +--------+--------+--------+--------+--------+-----+--------+

Top non-repeatable levels by time:
     D:2: 923 daAuts
     D:4: 877 daAuts
     D:1: 836 daAuts
     D:5: 824 daAuts
     D:3: 465 daAuts
     D:6: 102 daAuts
